 Dungeon Crawl Stone Soup version 0.28-a0-305-g9e858e973b (webtiles) character file.

Game seed: 9322055096182303869

33 timneilson the Shield-Bearer (level 3, 0/23 HPs)
             Began as a Gargoyle Fighter on Aug 30, 2021.
             Slain by a goblin (2 damage)
             ... led by Robin
             ... on level 2 of the Dungeon.
             The game lasted 00:01:14 (1346 turns).

timneilson the Shield-Bearer (Gargoyle Fighter)     Turns: 1346, Time: 00:01:14

Health: 0/23       AC: 10    Str: 20    XL:     3   Next: 29%
Magic:  3/3        EV:  7    Int:  8    God:
Gold:   40         SH:  8    Dex:  9    Spells: 2/2 levels left

rFire   . . .      SeeInvis .   a - +1 long sword
rCold   . . .      Faith    .   c - +0 kite shield
rNeg    + . .      Spirit   .   b - +0 scale mail
rPois   ∞          Reflect  .   (no helmet)
rElec   +          Harm     .   (no cloak)
rCorr   .          Rampage  .   (no gloves)
Will    .....                   (no boots)
Stlth   ..........              (no amulet)
HPRegen 0.07/turn               (no ring)
MPRegen 0.08/turn               (no ring)

@: no status effects
A: sickness immunity, AC +3, negative energy resistance 1, electricity
resistance, torment resistance 1, petrification resistance
a: no special abilities


You were on level 2 of the Dungeon.
You visited 1 branch of the dungeon, and saw 2 of its levels.

You collected 40 gold pieces.

Inventory:

Hand Weapons
 a - a +1 long sword (weapon)
Armour
 b - a +0 scale mail (worn)
 c - a +0 kite shield (worn)
Potions
 d - a potion of might
 g - a potion of degeneration {unknown}


   Skills:
 + Level 3.5 Fighting
 * Level 2.2 Long Blades
 * Level 3.7 Armour
 * Level 3.7 Shields


You had 2 spell levels left.
You didn't know any spells.
Your spell library was empty.

Dungeon Overview and Level Annotations

Branches:
Dungeon (2/15)

Altars:

Annotations:
D:2 Robin


Innate Abilities, Weirdness & Mutations

You are immune to sickness and miasma.
Your stone body is resilient. (AC +3)
You are immune to poison.
You resist negative energy. (rN+)
You are resistant to electric shocks. (rElec)
You are resistant to unholy torment.
You are immune to petrification.


Message History

The goblins go into a battle-frenzy!
You hit the goblin.
The goblin is moderately wounded.
The goblin barely misses you.
The goblin hits you but does no damage. x2
The goblin hits you with a +0 dagger. You block the goblin's attack.
Your shield prevents you from hitting the goblin.
The goblin closely misses you. You block the goblin's attack.
The goblin hits you but does no damage.
Your shield and scale mail prevent you from hitting the goblin.
The goblin hits you but does no damage. The goblin hits you with a +0 dagger.
A goblin comes into view. It is wielding a +0 dagger.
The goblin completely misses you. You block the goblin's attack. x2
You are too injured to fight recklessly!
You are too injured to fight recklessly!
You are too injured to fight recklessly!
You are too injured to fight recklessly!
You are too injured to fight recklessly!
You are too injured to fight recklessly!
You are too injured to fight recklessly!
You are too injured to fight recklessly!
You are too injured to fight recklessly!
You are too injured to fight recklessly!
You are too injured to fight recklessly!
You are too injured to fight recklessly!
Unknown command.
You slash the goblin!
You kill the goblin!
The goblin closely misses you. The goblin hits you but does no damage.
Robin throws the goblin at you!
Your shield and scale mail prevent you from hitting the goblin.
You block the goblin's attack. The goblin hits you but does no damage.
You block the goblin's attack. The goblin hits you with a +0 club.
The goblin barely misses you.
Unknown command.
You slash the goblin!
You kill the goblin!
Robin throws the goblin at you! The goblin hits you with a +0 club.
* * * LOW HITPOINT WARNING * * *
The goblin hits you with a +0 dagger.
You die...

#......# #.#
#......# #.##
#......####..##
#
####..........#
.# #########..#
.. #†.##.#
#.....# ##g####
#@g# ##g# g# gg
#.# g. #.# ..


You could see Robin, a hobgoblin (strong) and 5 goblins.

Vanquished Creatures
  A worm (D:2)
  A dart slug (D:1)
  2 bats (D:1)
  5 endoplasms
  A giant cockroach (D:1)
  5 goblins
  2 hobgoblins (D:1)
  2 kobolds (D:1)
  2 quokkas (D:1)
  2 ball pythons (D:1)
  A frilled lizard (D:1)
  2 rats
26 creatures vanquished.

Notes
Turn   | Place    | Note
-------+----------+-------------------------------------------
     0 | D:1      | timneilson the Gargoyle Fighter began the quest for the
                  | Orb.
     0 | D:1      | Reached XP level 1. HP: 14/14 MP: 1/1
   397 | D:1      | Reached XP level 2. HP: 18/19 MP: 2/2
   811 | D:1      | Found a faded altar of an unknown god.
   933 | D:1      | Reached XP level 3. HP: 23/23 MP: 3/3
  1336 | D:2      | Noticed Robin
  1346 | D:2      | Slain by a goblin

Illustrated notes

Levels and vault maps discovered:
D:1:      minmay_arrival_semitransparent, layout_basic, basic_ecumenical_altar,
          minmay_tromino_i4
D:2:      layout_basic, serial_shops, shop_statue, minmay_rat_gold_closets,
          uniq_robin, uniq_sigmund, uniq_terence

Skill      XL: |  1 |
---------------+----+-----
Long Blades    | 2 |  2.2
Fighting       | |  3.5
Armour         | |  3.7
Shields        | |  3.7

Action                   || total
-------------------------++-------
Melee: Long sword        ||   107
  Use: Scroll            ||     2
Armor: Scale mail        ||   100
Dodge: Dodged            ||    53
Block: Kite shield       ||    65

Table legend: (Time is in decaauts)
 A = Elapsed time spent in this place.
 B = Non-inter-level travel time spent in this place.
 C = Inter-level travel time spent in this place.
 D = Time resting spent in this place.
 E = Time spent auto-exploring this place.
 F = Levels seen in this place.
 G = Mean time per level.
                   A        B        C        D        E       F      G
               +--------+--------+--------+--------+--------+-----+--------+
         Total |   1402 |   1402 |      0 |     36 |   1111 |   2 |  701.0 |
       Dungeon |   1402 |   1402 |      0 |     36 |   1111 |   2 |  701.0 |
               +--------+--------+--------+--------+--------+-----+--------+

Top non-repeatable levels by time:
     D:1: 1246 daAuts
     D:2: 155 daAuts
